 Dungeon Sprint DCSS version 0.16-a0-2860-gef4c3f3 (webtiles) character file.

4025 BluebellGnoll the Thaumaturge (level 10, 58/63 HPs)
             Began as a Merfolk Ice Elementalist on Nov 30, 2014.
             Was the Champion of Sif Muna.
             Quit the game in the Dungeon (Sprint IX: "|||||||||||||||||||||||||||||").
             The game lasted 00:20:42 (1368 turns).

BluebellGnoll the Thaumaturge (MfIE)                Turns: 1368, Time: 00:20:42

Health: 58/63      AC:  4    Str:  8    XL:     10   Next: 24%
Magic:  23/32      EV: 20    Int: 19    God:    Sif Muna [******]
Gold:   25         SH:  8    Dex: 14    Spells: 8 memorised, 15 levels left

rFire  . . .     SeeInvis .     o - +2 halberd (venom)
rCold  . . .     Clarity  .     a - +0 robe
rNeg   . . .     SustAb   .     (no shield)
rPois  .         Gourm    .     (no helmet)
rElec  .         Spirit   .     (no cloak)
rCorr  .         Warding  .     r - +0 pair of gloves
rMut   .         NoTele   +     q - +0 pair of boots
MR     .....                    (no amulet)
Stlth  ++........               t - +2 ring of evasion
                                s - +2 ring of evasion

@: icy shield, not resistant to hostile enchantments, unstealthy
A: change form in water, swift swim
a: Channel Energy, Forget Spell, Renounce Religion


You were in the Dungeon.
You worshipped Sif Muna.
Sif Muna was exalted by your worship.
You were hungry.

You visited 1 branch You collected 25 gold pieces.

Inventory:

Hand weapons
 j - a +0 club
 o - a +2 halberd of venom (weapon)
 p - a +2 rapier of electrocution
Armour
 a - a +0 robe (worn)
 q - a +0 pair of boots (worn)
 r - a +0 pair of gloves (worn)
Magical staves
 n - an uncursed staff of energy
Jewellery
 s - a +2 ring of evasion (left hand)
 t - a +2 ring of evasion (right hand)
Magical devices
 m - a wand of cold (0)
Scrolls
 i - 3 scrolls of blinking
 k - 5 scrolls of remove curse
 l - 2 scrolls of amnesia
 y - a scroll of enchant armour
 A - a scroll of fog
 B - a scroll of identify
Potions
 d - 5 potions of curing
 e - 7 potions of heal wounds
 f - a potion of invisibility
 g - 2 potions of magic
 h - a potion of berserk rage
 x - 2 potions of restore abilities
 z - a potion of might
Books
 b - a book of Frost

   Spells                             Type                      Level
   a - Freeze                         Ice                          1
   b - Throw Frost                    Conjuration/Ice              2
   c - Ozocubu's Armour               Charms/Ice                   3
   d - Throw Icicle                   Conjuration/Ice              4
   e - Summon Ice Beast               Ice/Summoning                4
   f - Condensation Shield            Ice                          4
 c - Sif Muna's Tome of Glacial Darkness
   (Sif Muna gifted it to you in the Dungeon)

   Spells                             Type                      Level
   a - Ensorcelled Hibernation        Hexes/Ice                    2
   b - Regeneration                   Charms/Necromancy            3
   c - Ice Form                       Ice/Transmutation            4
   d - Cigotuvi's Embrace             Necromancy                   5
   e - Death Channel                  Necromancy                   6
 u - Sif Muna's Compendium of the Volcanoes
   (Sif Muna gifted it to you in the Dungeon)

   Spells                             Type                      Level
   a - Flame Tongue                   Conjuration/Fire             1
   b - Ignite Poison                  Fire/Transmutation           5
   c - Ring of Flames                 Charms/Fire                  7
 v - Sif Muna's Incunabulum of Frigorific Contamination
   (Sif Muna gifted it to you in the Dungeon)

   Spells                             Type                      Level
   a - Sting                          Conjuration/Poison           1
   b - Condensation Shield            Ice                          4
   c - Olgreb's Toxic Radiance        Poison                       4
   d - Alistair's Intoxication        Transmutation/Poison         4
   e - Ozocubu's Refrigeration        Ice                          6
 w - Sif Muna's Papyrus of Attacks
   (Sif Muna gifted it to you in the Dungeon)

   Spells                             Type                      Level
   a - Throw Flame                    Conjuration/Fire             2
   b - Bolt of Draining               Conjuration/Necromancy       5
   c - Bolt of Cold                   Conjuration/Ice              6


   Skills:
 - Level 5.5 Polearms
 - Level 7.0 Dodging
 - Level 2.1 Stealth
 + Level 14.7 Spellcasting
 - Level 6.7 Conjurations
 - Level 14.3 Ice Magic


You had 15 spell levels left.
You knew the following spells:

 Your Spells              Type           Power        Failure   Level  Hunger
a - Freeze                Ice            ####         0%          1    None
b - Throw Frost           Conj/Ice       ######       1%          2    None
c - Condensation Shield   Ice            ######....   1%          4    None
d - Ozocubu's Armour      Chrm/Ice       #####...     1%          3    None
e - Throw Icicle          Conj/Ice       ######..     1%          4    None
f - Summon Ice Beast      Ice/Summ       #####...     2%          4    None
g - Regeneration          Chrm/Necr      ##........   14%         3    None
h - Ensorcelled Hibernat  Hex/Ice        #####.       1%          2    None


Dungeon Overview and Level Annotations

Branches:
Dungeon (1/1)

Altars:
Cheibriados
Dithmenos
Elyvilon
Fedhas
Gozag
Kikubaaqudgha
Makhleb
Nemelex Xobeh
Okawaru
Qazlal
Ru
Sif Muna
Trog
Vehumet
Xom
Yredelemnul
Zin
The Shining One
Beogh
Jiyva
Lugonu


Message History

A crackling disc of dense vapour forms in the air!
Casting: Condensation Shield
Confirm with . or Enter, or press ? or * to list all spells.
You miscast Ozocubu's Armour.
Sif Muna protects you from the effects of your miscast!
Casting: Ozocubu's Armour
Confirm with . or Enter, or press ? or * to list all spells.
A chill wind blows around you.
Use which ability? (? or * to list)
You fail to use your ability.
Use which ability? (? or * to list)
You channel some magical energy.
You feel somewhat more hungry.
You open the door. 2 yaks, 4 death yaks and a catoblepas come into view.
The death yak bellows!
The yak bellows!
The catoblepas bellows!
The death yak bellows! x2
The yak bellows!
The death yak snorts and paws the ground.
You close the door.
Are you sure you want to abandon this character and quit the game? (Confirm with "yes".)

▓÷▓.▓_▓
▓.▓.▓_▓
▓.▓.▓_▓
▓.▓.▓_▓
▓.▓.▓_▓
▓.▓.▓_▓
▓.▓.▓_▓
▓Y▓.▓'▓
▓@▓.▓.▓
▓+▓.▓.▓
▓Y▓.▓.▓
▓Y▓.▓)▓
▓Y▓.▓.▓
▓Y▓.▓.▓
▓Y▓.▓[▓
▓Y▓.▓.▓
▓Y▓.▓.▓


You could see a friendly ice beast.

Vanquished Creatures
  2 death yaks (D)
  An unseen horror (D)
  An ugly thing (D)
  2 spiny frogs (D)
  A fire drake (D)
  2 basilisks (D)
  A hippogriff (D)
  A yak (D)
  A soldier ant (D)
  An orc warrior (D)
  A sky beast (D)
  A giant frog (D)
  A hound (D)
  An adder (D)
  An ooze (D)
  An orc (D)
  A bat skeleton (D)
  A giant cockroach (D)
  A goblin (D)
  A hobgoblin (D)
  A kobold (D)
  3 bats (D)
  A giant newt (D)
  A jackal zombie (D)
  A rat (D)
30 creatures vanquished.

Vanquished Creatures (collateral kills)
  A black mamba (D)
  A spiny frog (D)
  A hippogriff (D)
  A water moccasin (D)
  A porcupine (D)
  A crocodile (D)
  An iguana (D)
  A soldier ant zombie (D)
  A sky beast zombie (D)
  An adder (D)
  A river rat (D)
  A shadow imp (D)
12 creatures vanquished.

Vanquished Creatures (others)
  18 ice beasts (D)
18 creatures vanquished.

Grand Total: 60 creatures vanquished

Notes
Turn   | Place    | Note
--------------------------------------------------------------
     0 | D        | BluebellGnoll, the Merfolk Ice Elementalist, began the quest for the Orb.
     0 | D        | Reached XP level 1. HP: 13/13 MP: 3/3
   202 | D        | Reached XP level 2. HP: 19/19 MP: 4/6
   203 | D        | Reached skill level 4 in Spellcasting
   221 | D        | Found a glowing silver altar of Zin.
   221 | D        | Found a glowing golden altar of the Shining One.
   221 | D        | Found an ancient bone altar of Kikubaaqudgha.
   221 | D        | Found a basalt altar of Yredelemnul.
   221 | D        | Found a shimmering altar of Xom.
   221 | D        | Found a radiant altar of Vehumet.
   221 | D        | Found an iron altar of Okawaru.
   222 | D        | Found a burning altar of Makhleb.
   223 | D        | Found a deep blue altar of Sif Muna.
   224 | D        | Found a bloodstained altar of Trog.
   225 | D        | Found a sparkling altar of Nemelex Xobeh.
   226 | D        | Found a white marble altar of Elyvilon.
   227 | D        | Found a roughly hewn altar of Beogh.
   228 | D        | Found a viscous altar of Jiyva.
   229 | D        | Found a corrupted altar of Lugonu.
   230 | D        | Found a blossoming altar of Fedhas.
   231 | D        | Found a snail-covered altar of Cheibriados.
   232 | D        | Became a worshipper of Sif Muna the Loreminder
   233 | D        | Found a shadowy altar of Dithmenos.
   234 | D        | Found a stormy altar of Qazlal.
   235 | D        | Found an opulent altar of Gozag.
   236 | D        | Found a sacrificial altar of Ru.
   281 | D        | Learned a level 2 spell: Throw Frost
   299 | D        | Noticed a sky beast
   299 | D        | Noticed a soldier ant
   302 | D        | Killed a soldier ant
   302 | D        | Acquired Sif Muna's first power
   302 | D        | Acquired Sif Muna's second power
   302 | D        | Reached skill level 7 in Spellcasting
   302 | D        | Reached XP level 3. HP: 24/24 MP: 8/14
   302 | D        | Reached XP level 4. HP: 30/30 MP: 9/17
   302 | D        | Reached XP level 5. HP: 35/35 MP: 9/18
   308 | D        | Killed a sky beast
   308 | D        | Reached skill level 8 in Spellcasting
   308 | D        | Reached skill level 9 in Ice Magic
   321 | D        | Learned a level 4 spell: Throw Icicle
   326 | D        | Learned a level 4 spell: Summon Ice Beast
   331 | D        | Learned a level 4 spell: Condensation Shield
   335 | D        | Learned a level 3 spell: Ozocubu's Armour
   384 | D        | Acquired Sif Muna's third power
   384 | D        | Reached skill level 1 in Conjurations
   384 | D        | Reached XP level 6. HP: 41/41 MP: 18/21
   426 | D        | Noticed a giant frog
   426 | D        | Noticed an orc warrior
   426 | D        | Noticed a green ugly thing
   426 | D        | Noticed a basilisk
   441 | D        | Killed a giant frog
   441 | D        | Reached skill level 10 in Ice Magic
   445 | D        | Killed an orc warrior
   456 | D        | Killed a green ugly thing
   456 | D        | Received a gift from Sif Muna
   456 | D        | Reached skill level 5 in Conjurations
   456 | D        | Reached skill level 12 in Ice Magic
   456 | D        | Reached XP level 7. HP: 46/46 MP: 13/23
   461 | D        | Identified Sif Muna's Compendium of the Volcanoes (Sif Muna gifted it to you in the Dungeon)
   463 | D        | Killed an unseen horror
   463 | D        | Reached skill level 13 in Ice Magic
   463 | D        | Reached XP level 8. HP: 52/52 MP: 10/24
   463 | D        | Killed a basilisk
   463 | D        | Received a gift from Sif Muna
   463 | D        | Reached skill level 14 in Ice Magic
   464 | D        | Identified Sif Muna's Incunabulum of Frigorific Contamination (Sif Muna gifted it to you in the Dungeon)
   602 | D        | Noticed a crocodile
   602 | D        | Noticed a spiny frog
   602 | D        | Noticed a basilisk
   602 | D        | Noticed a hippogriff
   602 | D        | Noticed a water moccasin
   602 | D        | Noticed a hippogriff
   609 | D        | Killed a crocodile
   621 | D        | Killed a spiny frog
   621 | D        | Reached skill level 5 in Polearms
   740 | D        | Killed a basilisk
   753 | D        | Killed a hippogriff
   753 | D        | Reached XP level 9. HP: 55/57 MP: 14/27
   762 | D        | Killed a water moccasin
   773 | D        | Noticed a black mamba
   886 | D        | Killed a hippogriff
   886 | D        | Reached skill level 10 in Spellcasting
   890 | D        | Killed a black mamba
   890 | D        | Received a gift from Sif Muna
   891 | D        | Identified Sif Muna's Tome of Glacial Darkness (Sif Muna gifted it to you in the Dungeon)
   997 | D        | Noticed a yak
  1003 | D        | Killed a yak
  1104 | D        | Learned a level 3 spell: Regeneration
  1107 | D        | Learned a level 2 spell: Ensorcelled Hibernation
  1107 | D        | Noticed a death yak
  1107 | D        | Noticed an iguana
  1107 | D        | Noticed a spiny frog
  1107 | D        | Noticed a death yak
  1107 | D        | Noticed a hound
  1107 | D        | Noticed a fire drake
  1113 | D        | Killed a death yak
  1114 | D        | Noticed a spiny frog
  1120 | D        | Killed an iguana
  1123 | D        | Noticed a porcupine
  1123 | D        | Killed a spiny frog
  1209 | D        | Killed a death yak
  1209 | D        | Received a gift from Sif Muna
  1209 | D        | Reached XP level 10. HP: 63/63 MP: 11/31
  1214 | D        | Killed a hound
  1223 | D        | Killed a fire drake
  1234 | D        | Killed a spiny frog
  1237 | D        | Killed a porcupine
  1244 | D        | Identified Sif Muna's Papyrus of Attacks (Sif Muna gifted it to you in the Dungeon)
  1366 | D        | Noticed a yak
  1366 | D        | Noticed a death yak
  1366 | D        | Noticed a catoblepas
  1366 | D        | Noticed a death yak
  1366 | D        | Noticed a death yak
  1366 | D        | Noticed a yak
  1366 | D        | Noticed a death yak
  1368 | D        | Quit the game

Action                   |  1- 3 |  4- 6 |  7- 9 | 10-12 || total
-------------------------+-------+-------+-------+-------++-------
Melee: Unarmed           |     2 |       |       |       ||     2
       Club              |     5 |       |       |       ||     5
       Halberd           |       |    12 |    23 |     4 ||    39
 Cast: Freeze            |    13 |     1 |     1 |     2 ||    17
       Summon Ice Beast  |       |     4 |    14 |     4 ||    22
       Throw Icicle      |       |     2 |    14 |     4 ||    20
       Condensation Shie |       |     1 |     4 |     2 ||     7
       Ozocubu's Armour  |       |     1 |     4 |     1 ||     6
       Throw Frost       |       |       |     1 |       ||     1
Invok: Channel Energy    |       |     7 |    14 |     1 ||    22
Evoke: Wand              |     1 |     2 |     4 |       ||     7
  Use: Potion            |     2 |       |       |     1 ||     3
 Stab: Distracted        |       |     1 |     1 |       ||     2
  Eat: Chunk             |       |       |     2 |     1 ||     3
       Bread ration      |       |       |     1 |       ||     1
